 Dungeon Crawl Stone Soup version 0.29.1-14-g9c671dbff4 (webtiles) character file.

Game seed: 2163077814834779053

2723 H0rd4k the Magician (level 9, -2/63 HPs)
             Began as an Octopode Artificer on Feb 17, 2023.
             Was an Initiate of Gozag.
             Slain by an orc warrior
             ... wielding a +0 war axe
              (14 damage)
             ... on level 8 of the Dungeon.
             The game lasted 00:12:35 (10326 turns).

H0rd4k the Magician (Octopode Artificer)           Turns: 10326, Time: 00:12:35

Health: -2/63      AC:  3    Str: 18    XL:     9   Next: 66%
Magic:  20/20      EV: 18    Int: 17    God:    Gozag
Gold:   179        SH:  0    Dex: 18    Spells: 21/23 levels left

rFire   x . .      SeeInvis +     - Unarmed
rCold   + . .      Faith    .   (no shield)
rNeg    . . .      Spirit   .   y - +2 hat
rPois   +          Reflect  .   e - amulet of the acrobat
rElec   .          Harm     .   a - ring of poison resistance
rCorr   .          Rampage  .   m - ring of ice
Will    .....                   n - +6 ring of strength
Stlth   +++.......              G - ring of see invisible
HPRegen 0.20/turn               I - +6 ring of dexterity
MPRegen 0.17/turn               H - +4 ring of evasion
                                C - ring of flight
                                (no ring)

@: gold aura, flying
A: almost no armour, amphibious, 8 rings, camouflage 1, gelatinous body 1,
(nimble swimmer 1), tentacles
a: Renounce Religion, Potion Petition, Call Merchant, Bribe Branch


You were on level 8 of the Dungeon.
You worshipped Gozag.
Gozag was aware of your devotion.
You visited 1 branch of the dungeon, and saw 8 of its levels.
You also visited: Sewer.

You collected 452 gold pieces.
You spent 175 gold pieces at shops.
You paid 98 gold pieces to Gozag.

Inventory:

Hand Weapons
 A - the +2 long sword "Qoteokhi" {holy, rPois Will- rCorr MP+9}
   (You found it in a sewer)

   It has been blessed by the Shining One to cause great damage to the undead
   and demons.
   rPois:     It protects you from poison.
   MP:        It affects your magic capacity (+9).
   rCorr:     It protects you from acid and corrosion.
   Will:      It decreases your willpower.
Missiles
 K - 2 poisoned darts
Armour
 y - a +2 hat (worn)
Magical Staves
 q - a staff of death
 B - a staff of air
 M - a staff of conjuration
Jewellery
 a - a ring of poison resistance (left tentacle)
 b - a ring of ice
 e - an amulet of the acrobat (around mantle)
 m - a ring of ice (right tentacle)
 n - a +6 ring of strength (on tentacle)
 C - a ring of flight (on tentacle)
 E - a ring of fire
 G - a ring of see invisible (on tentacle)
 H - a +4 ring of evasion (on tentacle)
 I - a +6 ring of dexterity (on tentacle)
 O - an amulet of reflection
Wands
 c - a wand of charming (6)
Scrolls
 d - a scroll of magic mapping {unknown}
 f - a scroll of enchant weapon {unknown}
 h - a scroll of immolation {unknown}
 j - 2 scrolls of brand weapon
 k - 3 scrolls of teleportation
 p - 3 scrolls of noise
 r - a scroll of acquirement {unknown}
 u - 4 scrolls of butterflies {unknown}
 v - 2 scrolls of enchant armour {unknown}
 w - 2 scrolls of fear
 F - a scroll of vulnerability {unknown}
 J - 2 scrolls of torment {unknown}
 N - a scroll of amnesia {unknown}
Potions
 i - 2 potions of flight {unknown}
 l - 5 potions of curing
 o - 3 potions of brilliance {unknown}
 s - 2 potions of mutation
 t - a potion of heal wounds {unknown}
 x - 4 potions of magic {unknown}
 z - 5 potions of ambrosia {unknown}
 D - a potion of degeneration {unknown}
 L - a potion of haste {unknown}
 P - 2 potions of might {unknown}
 Q - a potion of attraction {unknown}


   Skills:
 + Level 6.4 Fighting
 + Level 1.4 Throwing
 - Level 2.3 Dodging
 - Level 1.3 Stealth
 - Level 6.2 Unarmed Combat
 * Level 7.6 Spellcasting
 - Level 2.8 Translocations
 - Level 3.2 Evocations


You had 21 spell levels left.
You knew the following spells:

 Your Spells              Type           Power      Damage    Failure   Level
a - Blink                 Tloc           32%        N/A       4%          2

Your spell library contained the following spells:

 Spells                   Type           Power      Damage    Failure   Level
 Lesser Beckoning         Tloc           16%        N/A       10%         3
 Beastly Appendage        Tmut           12%        N/A       11%         1
 Ensorcelled Hibernation  Hex/Ice        18%        N/A       17%         2
 Wereblood                Tmut           6%         N/A       17%         2
 Spider Form              Tmut/Pois      6%         N/A       32%         3
 Manifold Assault         Tloc           16%        N/A       67%         5
 Anguish                  Hex/Necr       3%         N/A       73%         4
 Freezing Cloud           Conj/Ice/Air   4%         6-21      97%         5
 Polar Vortex             Ice            4%         N/A       100%        9
 Simulacrum               Ice/Necr       Unusable   N/A       N/A         6

Dungeon Overview and Level Annotations

Branches:
Dungeon (8/15)               Lair (0/5) D:8           Sewer (visited)
 Temple: D:4-7

Altars:
Cheibriados
Dithmenos
Elyvilon
Gozag
Hepliaklqana
Kikubaaqudgha
Nemelex Xobeh
Okawaru
Qazlal
Sif Muna
Trog
Yredelemnul
Zin

Shops:
D:7 :   D:8 [

Annotations:
D:3 exclusion: downstairs
D:4 exclusion: orc warrior
D:6 2 transporters, exclusion: downstairs, Prepator's ghost, novice TrGl
D:8 Joseph; Psyche


Innate Abilities, Weirdness & Mutations

You cannot wear most types of armour.
You are amphibious.
You can wear up to eight rings at the same time.
Your skin changes colour to match your surroundings (Stealth+).
Your rubbery body absorbs attacks. (AC +1, EV +1)
((You are camouflaged when in or above water. (Stealth+)))
You have tentacles for arms and can constrict up to eight enemies at once.


Message History

Unknown command.
Okay, then.
You tentacle-slap the orc.
You kill the orc!
Aiming: Charm
Press: ? - help, Shift-Dir - straight line, f - orc warrior
Aim: an orc warrior, wielding a +0 dire flail and wearing a +0 plate armour (chance to affect: 57%)
The orc warrior resists with significant effort.
Unknown command.
Aiming: Charm
Press: ? - help, Shift-Dir - straight line, f/p - orc warrior
Aim: an orc warrior, wielding a +0 dire flail and wearing a +0 plate armour (chance to affect: 57%)
The orc warrior resists with significant effort.
The orc warrior misses you.
Unknown command.
Saving game... please wait.
Level annotation: Joseph; Psyche Welcome back, H0rd4k the Octopode Artificer.
Gozag says: Greed is good.
Press ? for a list of commands and other information.
Aiming: Charm
Press: ? - help, Shift-Dir - straight line, f - orc warrior
Aim: an orc warrior, wielding a +0 dire flail and wearing a +0 plate armour (chance to affect: 57%)
The orc warrior resists with significant effort.
The orc warrior completely misses you.
The orc warrior hits you with a +0 dire flail!
Aiming: Charm
Press: ? - help, Shift-Dir - straight line, f/p - orc warrior
Aim: an orc warrior, wielding a +0 dire flail and wearing a +0 plate armour (chance to affect: 57%)
The orc warrior resists with significant effort.
The orc warrior hits you with a +0 dire flail!!
The orc warrior hits you with a +0 war axe!
* * * LOW HITPOINT WARNING * * *
Aiming: Charm
Press: ? - help, Shift-Dir - straight line, f/p - orc warrior
Aim: an orc warrior, wielding a +0 dire flail and wearing a +0 plate armour (chance to affect: 57%)
The orc warrior resists with significant effort.
The orc warrior hits you with a +0 war axe!
You die...
Your body crumbles into a pile of gold.

#....###.#
##'## #.##
#.#.####.#
#.# #...
#........#
. . ####
###.######
# #.##.
.## .. #
#.#.#
#.###o...
# #.#.#
#.oo.o...
.
#...###o#
#
####.o@##
$ ##### $


You could see 2 orc warriors, an orc wizard and an orc.

Vanquished Creatures
  Sigmund (D:3)
  A steam dragon (D:7)
  A water moccasin (D:6)
  An ice beast (D:6)
  3 orc warriors
  A black bear (D:8)
  3 ogres
  5 bullfrogs
  A necrophage (D:7)
  4 wights (D:6)
  2 howler monkeys
  A hound (D:5)
  2 orc priests
  3 iguanas
  8 orc wizards
  A gnoll (D:8)
  11 adders
  2 shadow imps (D:6)
  A white imp (D:5)
  An ufetubus (D:7)
  5 worms
  A dart slug (D:4)
  49 orcs
  16 ball pythons
  3 bats
  14 endoplasms
  13 giant cockroaches
  4 goblins
  4 hobgoblins
  4 jackals
  8 kobolds
  13 quokkas
  9 frilled lizards
  6 rats
202 creatures vanquished.

Vanquished Creatures (collateral kills)
  2 howler monkeys (D:7)
  An orc priest (D:2)
  An iguana (D:7)
  2 orc wizards
  2 gnolls (D:8)
  5 orcs
  2 hobgoblins (D:2)
15 creatures vanquished.

Vanquished Creatures (others)
  An acid dragon (D:7)
  A wight (D:6)
  An orc wizard (D:4)
  An orc (D:4)
4 creatures vanquished.

Grand Total: 221 creatures vanquished

Notes
Turn   | Place    | Note
-------+----------+-------------------------------------------
     0 | D:1      | H0rd4k the Octopode Artificer began the quest for the Orb.
     0 | D:1      | Reached XP level 1. HP: 13/13 MP: 1/1
   250 | D:1      | Reached XP level 2. HP: 18/18 MP: 1/3
   415 | D:1      | Reached skill level 1 in Spellcasting
  1456 | D:2      | Identified the +6 spear of Governance {vamp, Dex+3 SInv}
  1541 | D:2      | Reached skill level 1 in Unarmed Combat
  1541 | D:2      | Reached XP level 3. HP: 23/24 MP: 3/5
  1612 | D:2      | Reached XP level 4. HP: 3/30 MP: 6/6
  2227 | D:2      | Reached skill level 2 in Spellcasting
  2722 | D:2      | Reached XP level 5. HP: 33/35 MP: 8/8
  2898 | D:2      | Learned a level 2 spell: Blink
  2981 | D:3      | Found a bloodstained altar of Trog.
  2981 | D:3      | Found an ancient bone altar of Kikubaaqudgha.
  2982 | D:3      | Found a glowing silver altar of Zin.
  3092 | D:3      | Noticed Sigmund
  3094 | D:3      | Killed Sigmund
  3095 | D:3      | Reached skill level 1 in Translocations
  3095 | D:3      | Reached XP level 6. HP: 42/42 MP: 8/10
  3334 | D:3      | Found a snail-covered altar of Cheibriados.
  3339 | D:3      | Found a basalt altar of Yredelemnul.
  3522 | D:3      | Found a shimmering blue altar of Sif Muna.
  4031 | D:4      | Noticed an orc warrior
  4032 | D:4      | Reached XP level 7. HP: 21/46 MP: 11/11
  4928 | D:5      | Entered Level 5 of the Dungeon
  4928 | D:5      | Found a glowing drain.
  4951 | Sewer    | Entered a sewer
  5040 | Sewer    | Reached skill level 3 in Spellcasting
  5388 | Sewer    | Reached skill level 5 in Unarmed Combat
  5495 | Sewer    | Identified the +2 long sword "Qoteokhi" {holy, rPois Will-
                  | rCorr MP+9}
  5957 | D:5      | Reached XP level 8. HP: 42/54 MP: 13/13
  6038 | D:5      | Found an iron altar of Okawaru.
  6597 | D:6      | Found a transporter.
  6599 | D:6      | Identified the +7 great mace of Festooned Offence {drain,
                  | Str+3}
  6599 | D:6      | Noticed Prepator's ghost (novice TrGl)
  6600 | D:6      | Found a transporter.
  6784 | D:6      | Reached skill level 4 in Spellcasting
  7390 | D:6      | Reached skill level 5 in Spellcasting
  7399 | D:6      | Reached skill level 5 in Fighting
  7620 | D:6      | Reached XP level 9. HP: 59/61 MP: 17/17
  7623 | D:6      | Reached skill level 6 in Spellcasting
  7771 | D:6      | Reached skill level 1 in Throwing
  8072 | D:6      | Found a sparkling altar of Nemelex Xobeh.
  8082 | D:6      | Found a hazy altar of Hepliaklqana.
  8083 | D:6      | Found a shadowy altar of Dithmenos.
  8971 | D:7      | Reached skill level 7 in Spellcasting
  9134 | D:7      | Identified the +5 ring mail "Xomuag" {Harm}
  9145 | D:7      | Found a white marble altar of Elyvilon.
  9354 | D:7      | Found Digheyn's Book Boutique.
  9422 | D:7      | Found an opulent altar of Gozag.
  9451 | D:7      | Became a worshipper of Gozag Ym Sagoz the Greedy
  9505 | D:7      | Found a stormy altar of Qazlal.
  9840 | D:8      | Found a staircase to the Lair.
  9869 | D:8      | Noticed Joseph
 10041 | D:8      | Noticed Psyche
 10068 | D:8      | Found Wuhuny's Antique Armour Boutique.
 10165 | D:8      | Bought an embroidered hat for 175 gold pieces
 10326 | D:8      | Slain by an orc warrior

Illustrated notes

Levels and vault maps discovered:
D:1:      dpeg_arrival_prison, layout_rooms, serial_co_window_serial,
          co_window_paths_a, co_window_of_opportunity_a, co_window_cross_1,
          co_window_corner_a, co_window_corner_a, co_window_paths_b,
          co_window_cross_1, co_window_unsneaky_path_d, co_window_cross_2,
          co_window_corner_b, co_window_broadway_b, co_window_cross_3,
          co_window_4corner_a, co_window_paths_d, glass_columns_a,
          glass_columns_a, glass_columns_a
D:2:      layout_basic, minmay_misc_feat_rows
D:3:      layout_loops_ring, nicolae_overflow_quartered_altars, minitemple,
          uniq_sigmund
D:4:      layout_basic, corexii_checkpoint_a
D:5:      layout_loops_ring, amcnicky_altar_gilded, cheibrodos_sewer_entry_drain
D:6:      layout_layer_cave, riverfiend_overflow_shadow_ancestor,
          nemelex_dance_club_becter, gammafunk_ghost_smash
D:7:      layout_layer_cave, nicolae_qazlal_eye_of_the_storm,
          mainiacjoe_overflow_cross_hatched,
          nicolae_gozag_cash_rules_everything_around_me,
          minmay_temple_entry_antechambers, grunt_decor_fettered,
          nicolae_stop_n_shop_2
D:8:      layout_loops_corners, lair_entry_dummy, serial_shops,
          nicolae_shop_crystal, uniq_gastronok, uniq_joseph, uniq_psyche

Skill      XL: |  1  2  3  4  5  6  7  8  9 |
---------------+----------------------------+-----
Spellcasting   | 1 2 3 5 7 |  7.6
Fighting       | 2 3 4 5 6 |  6.4
Unarmed Combat | 1 2 3 4 5 6 |  6.2
Translocations | 1 2 |  2.8
Throwing       | 1 |  1.4
Dodging        | |  2.3
Stealth        | |  1.3
Evocations     | |  3.2

Action                   |  1- 3 |  4- 6 |  7- 9 || total
-------------------------+-------+-------+-------++-------
Melee: Unarmed           |    61 |    96 |   292 ||   449
       Constrict         |    17 |    21 |    88 ||   126
       Tentacles         |    13 |    18 |    78 ||   109
       Punch             |     1 |     5 |    14 ||    20
Throw: Dart              |       |       |     2 ||     2
Evoke: Wand              |     3 |     4 |    45 ||    52
  Use: Scroll            |       |       |     5 ||     5
 Stab: Sleeping          |     6 |     9 |    12 ||    27
Armor: Skin              |     2 |     8 |     9 ||    19
Dodge: Dodged            |    44 |    57 |   181 ||   282
